Map: Rhoskallian LE

Players

bykovalex - Winner!

  • Race: Zerg Zerg
  • League: Platinum
  • Spawn Location: 6:00

fight - Winner!

  • Race: Protoss Protoss
  • League: Silver
  • Spawn Location: 5:00

Nigrnog

  • Race: Zerg Zerg
  • League: Silver
  • Spawn Location: 12:00

MooEsqoo

  • Race: Zerg Zerg
  • Spawn Location: 11:00

VOD

Have the link to the VOD?

Description

Time

  • Played on: Dec. 21, 2019, 1:29 p.m.
  • Length: 8:25
Show
View Real Time Build Order
Export as new Build Order

bykovalex Zerg - Winner!

Build Orders: Pool First 

Get SALT Encoding   

  12  0:01  Drone  
  13  0:08  Drone  
  14  0:18  Overlord  
  14  0:23  Extractor  
  14  0:24  Drone  
  14  0:36  Drone  
  14  0:37  Drone  
  16  0:45  Drone  
  17  0:54  Spawning Pool  
  17  0:56  Drone  
  17  1:04  Extractor  
  16  1:06  Drone  
  17  1:17  Drone  
  18  1:27  Drone  
  19  1:35  Evolution Chamber  
  19  1:38  Drone  
  19  1:42  Queen  
  21  1:49  Overlord  
  21  2:00  Drone  
  22  2:02  Zerg Missile Weapons Level 1  
  22  2:10  Drone  
  23  2:16  Roach Warren  
  22  2:23  Drone  
  23  2:33  Drone  
  24  2:55  Roach x2  
  24  2:56  Roach  
  24  2:57  Overlord  
  30  3:05  Lair  
  30  3:06  Overlord  
  30  3:19  Overlord  
  30  3:20  Overlord  
  30  3:32  Roach  
  32  3:43  Roach x4  
  40  3:56  Zerg Ground Armor Level 1  
  40  3:57  Roach  
  42  4:05  Roach  
  38  4:18  Roach x3  
  38  4:23  Glial Reconstitution  
  32  4:48  Roach x3  
  36  5:02  Metabolic Boost  
  36  5:05  Roach  
  38  5:19  Spire  
  37  5:31  Drone  
  37  5:33  Drone  
  39  5:36  Hatchery  
  39  5:39  Roach  
  40  5:46  Roach  
  42  5:54  Roach  
  42  5:55  Roach  
  46  6:16  Roach  
  48  6:20  Roach  
  50  6:27  Overlord  
  50  6:48  Mutalisk x2  
  54  6:58  Mutalisk x3  
  60  7:08  Queen  
  60  7:10  Mutalisk  
  64  7:18  Mutalisk  
  66  7:32  Overlord x2  
  66  7:33  Overlord x2  
Show
View Real Time Build Order
Export as new Build Order

fight Protoss - Winner!

Build Orders: Blink Stalkers, Colossus Rush 

Get SALT Encoding   

  12  0:01  Probe  
  13  0:13  Probe (Chrono Boost)  
  14  0:19  Pylon  
  14  0:25  Probe (Chrono Boost)  
  15  0:35  Probe (Chrono Boost)  
  15  0:41  Gateway  
  16  0:46  Probe  
  17  0:58  Probe (Chrono Boost)  
  17  1:00  Assimilator  
  18  1:04  Assimilator  
  18  1:10  Probe (Chrono Boost)  
  19  1:17  Probe (Chrono Boost)  
  20  1:27  Probe  
  20  1:32  Cybernetics Core  
  21  1:34  Gateway  
  22  1:40  Probe  
  22  1:52  Probe  
  23  2:08  Nexus  
  23  2:18  Pylon  
  23  2:22  Warp Gate  
  23  2:36  Probe (Chrono Boost)  
  24  2:37  Robotics Facility  
  24  2:47  Probe (Chrono Boost)  
  25  2:52  Probe (Chrono Boost)  
  26  3:03  Probe  
  27  3:19  Forge  
  27  3:21  Twilight Council  
  27  3:24  Robotics Bay  
  27  3:26  Observer  
  28  3:30  Probe (Chrono Boost)  
  29  3:34  Pylon  
  29  3:36  Probe (Chrono Boost)  
  31  3:42  Probe (Chrono Boost)  
  31  3:46  Probe (Chrono Boost)  
  31  3:48  Probe (Chrono Boost)  
  33  3:59  Blink  
  33  4:01  Immortal  
  37  4:04  Protoss Ground Weapons Level 1  
  37  4:07  Probe x2  
  39  4:17  Zealot x2  
  41  4:23  Probe (Chrono Boost)  
  45  4:28  Extended Thermal Lance, Probe (Chrono Boost)  
  45  4:36  Shield Battery  
  41  4:57  Probe (Chrono Boost)  
  43  5:02  Probe (Chrono Boost)  
  43  5:04  Colossus  
  49  5:09  Probe (Chrono Boost)  
  49  5:10  Probe (Chrono Boost)  
  49  5:12  Assimilator  
  51  5:16  Assimilator  
  51  5:18  Shield Battery  
  51  5:19  Probe  
  51  5:21  Probe (Chrono Boost)  
  53  5:31  Pylon  
  53  5:32  Probe (Chrono Boost)  
  54  5:47  Probe  
  54  5:48  Probe  
  56  5:58  Stalker x2, Robotics Facility, Warp Prism  
  62  6:07  Gateway  
  62  6:10  Gateway  
  62  6:12  Gateway  
  62  6:24  Pylon  
  62  6:25  Gateway  
  62  6:48  Pylon  
  62  6:52  Colossus  
  68  6:59  Pylon  
  68  7:01  Pylon  
  68  7:03  Nexus  
  68  7:07  Pylon  
  68  7:16  Colossus  
  74  7:42  Stalker x5  
  82  8:06  Stalker x4  
Show
View Real Time Build Order
Export as new Build Order

Nigrnog Zerg 

Build Orders: Hatch First 

Get SALT Encoding   

  12  0:01  Drone  
  13  0:13  Overlord  
  13  0:18  Drone  
  14  0:31  Drone x2  
  16  0:38  Drone  
  17  0:58  Hatchery  
  17  1:01  Drone x2  
  18  1:09  Extractor  
  17  1:17  Spawning Pool  
  16  1:20  Drone  
  16  1:23  Drone  
  18  1:31  Drone  
  19  1:43  Drone  
  20  1:51  Drone  
  21  2:02  Overlord  
  21  2:16  Metabolic Boost  
  21  2:17  Queen  
  23  2:27  Queen  
  25  2:31  Zergling x2  
  25  2:33  Zergling x2  
  28  2:37  Hatchery, Zergling x2  
  28  2:40  Zergling x2  
  28  2:43  Drone  
  29  2:58  Zergling x2  
  30  3:18  Drone x2  
  32  3:29  Extractor  
  32  3:32  Extractor  
  30  3:35  Extractor, Drone x4  
  30  3:36  Drone  
  34  3:48  Overlord x2  
  34  3:51  Overlord  
  34  3:59  Zergling x6  
  35  4:16  Zergling x2  
  35  4:17  Zergling x14  
  38  4:23  Zergling x2  
  42  4:36  Zergling x10  
  42  4:37  Zergling x2  
  45  4:43  Queen  
  47  4:45  Zergling x2  
  47  4:46  Zergling x6  
  48  5:00  Drone  
  49  5:10  Drone  
  49  5:13  Queen  
  52  5:23  Queen  
  52  5:24  Drone x2  
  52  5:25  Drone x4  
  60  5:36  Drone x3  
  60  5:40  Lair  
  63  5:44  Drone  
  63  5:45  Drone  
  65  5:56  Roach Warren  
  64  6:01  Baneling Nest  
  64  6:02  Extractor  
  62  6:06  Extractor, Drone x4  
  62  6:08  Overlord x2  
  62  6:09  Overlord x7  
  65  6:28  Hatchery  
  65  6:30  Zergling x12  
  70  6:53  Hatchery  
  69  7:08  Hydralisk Den  
  68  7:14  Roach x6  
  68  7:15  Roach x2  
  84  7:31  Roach x6  
  84  7:32  Roach x3  
Show
View Real Time Build Order
Export as new Build Order

MooEsqoo Zerg 

Build Orders: Hatch First 

Get SALT Encoding   

  12  0:02  Drone  
  13  0:14  Drone  
  13  0:18  Overlord  
  14  0:37  Drone x2  
  14  0:40  Drone  
  17  0:50  Drone  
  18  1:05  Hatchery  
  17  1:12  Drone  
  17  1:13  Drone  
  19  1:19  Spawning Pool  
  19  1:24  Drone  
  19  1:26  Extractor  
  19  1:31  Drone  
  19  1:42  Drone  
  20  2:03  Overlord  
  20  2:05  Drone  
  21  2:16  Queen  
  21  2:17  Queen  
  25  2:26  Zergling x4  
  25  2:27  Zergling x2  
  28  2:31  Overlord  
  28  2:34  Metabolic Boost  
  28  2:53  Zergling x6  
  28  2:54  Hatchery  
  30  3:06  Zergling x2  
  30  3:07  Drone  
  30  3:08  Drone  
  33  3:17  Drone, Zergling x2  
  35  3:23  Drone, Zergling x2  
  37  3:32  Queen  
  39  3:35  Zergling x6  
  39  3:36  Drone  
  39  3:39  Drone  
  44  3:44  Overlord  
  44  3:49  Overlord  
  44  3:55  Overlord  
  44  4:13  Zergling x6  
  44  4:14  Drone x5  
  43  4:43  Zergling x2  
  43  4:44  Drone, Zergling x8  
  47  5:36  Drone x4  
  47  5:38  Zergling x4  
  53  6:02  Extractor  
  53  6:04  Extractor  
  51  6:09  Drone  
  51  6:10  Drone x2, Zergling x2  
  55  6:18  Extractor  
  54  6:28  Baneling Nest  
  54  6:30  Roach Warren  
  54  6:31  Zergling x12  
  54  6:32  Evolution Chamber  
  57  6:33  Zergling x4  
  57  6:34  Evolution Chamber  
  58  7:12  Baneling x2  
  58  7:13  Baneling x7  
  58  7:14  Baneling  
  58  7:22  Lair  
Tags
 
Add a new tag
Caveats
  • Supply blocks, unpowered buildings, or Contaminate may cause inaccurate times.
  • Supply counts are checked every 10 seconds.